 Dungeon Crawl Stone Soup version 0.23.1 (webtiles) character file.

Game seed: 9259449034453194954

50 Lauz the Chiller (level 3, -2/24 HPs)
             Began as a Barachi Ice Elementalist on Mar 18, 2019.
             Slain by Terence
             ... wielding a +0 flail
              (4 damage)
             ... on level 3 of the Dungeon.
             The game lasted 00:07:46 (1954 turns).

Lauz the Chiller (Barachi Ice Elementalist)         Turns: 1954, Time: 00:07:47

Health: -2/24      AC:  2    Str:  9    XL:     3   Next: 79%
Magic:  1/7        EV: 13    Int: 16    God:
Gold:   140        SH:  0    Dex: 12    Spells: 5/8 levels left

rFire    . . .     SeeInvis .   d - +0 dagger
rCold    . . .     Gourm    .   (no shield)
rNeg     . . .     Faith    .   a - +0 robe
rPois    .         Spirit   .   (no helmet)
rElec    .         Reflect  .   (no cloak)
rCorr    .         Harm     .   (no gloves)
MR       +....                  (no boots)
Stlth    +++.......             (no amulet)
HPRegen  0.08/turn              h - ring of stealth
MPRegen  0.10/turn              i - ring of protection from magic

@: slow
A: +LOS, swims, slowness 1, strong legs 1
a: Hop


You were on level 3 of the Dungeon.
You were not hungry.

You visited 1 branch of the dungeon, and saw 3 of its levels.

You collected 140 gold pieces.

Inventory:

Hand Weapons
 d - a +0 dagger (weapon)
Armour
 a - a +0 robe (worn)
 p - a +0 shield
Jewellery
 h - a ring of stealth (left hand)
 i - a ring of protection from magic (right hand)
Scrolls
 b - a scroll of enchant armour {unknown}
 f - 3 scrolls of identify {unknown}
 g - a scroll of blinking {unknown}
 j - 2 scrolls of enchant weapon {unknown}
 l - a scroll of remove curse {unknown}
 o - a scroll of magic mapping {unknown}
Potions
 e - 2 potions of might {unknown}
 k - a potion of degeneration {unknown}
 m - a potion of curing {unknown}
 n - a potion of lignification {unknown}
 q - a potion of agility {unknown}
Comestibles
 c - 5 rations


   Skills:
 + Level 2.6 Dodging
 - Level 1.7 Stealth
 + Level 3.0 Spellcasting
 + Level 1.1 Conjurations
 + Level 4.7 Ice Magic


You had 5 spell levels left.
You knew the following spells:

 Your Spells              Type           Power        Failure   Level  Hunger
a - Freeze                Ice            ###.         2%          1    #......
b - Throw Frost           Conj/Ice       ##....       9%          2    ##.....

Your spell library contained the following spells:

 Spells                   Type           Power        Failure   Level  Hunger
 Ozocubu's Armour         Chrm/Ice       #.......     22%         3    ###....
 Throw Icicle             Conj/Ice       ##......     50%         4    #####..
 Summon Ice Beast         Ice/Summ       #.......     56%         4    #####..


Dungeon Overview and Level Annotations

Branches:
Dungeon (3/15)

Altars:

Annotations:
D:3 1 runed translucent door, Frank's ghost, amateur OpFi; Terence


Innate Abilities, Weirdness & Mutations

Shadows flee at your approach. (+LOS)
You can swim through water.
You cover ground slowly.
You can hop short distances.


Message History

You hit Terence but do no damage.
Terence is severely wounded.
Terence says, "Don't bother to defend, it's senseless."
Terence closely misses you.
You hit Terence but do no damage.
Terence is severely wounded.
Terence hits you but does no damage.
You hit Terence but do no damage.
Terence is severely wounded.
Terence hits you with a +0 flail!
You barely miss Terence.
Terence is severely wounded.
Terence shouts, "Now you die!" Terence hits you with a +0 flail!
* * * LOW HITPOINT WARNING * * *
You don't have the energy to cast that spell.
You don't have the energy to cast that spell.
You eat one of the 6 rations.
That ration really hit the spot!
Terence hits you with a +0 flail.
You die...

..########..#######.#.#####
.............[............
######......#..(.#.......
..## #.#.......#.#......
#..## ....#....#.......
....# #...............
##+## #..# ........#.#
#W[.# #<.#
#.##...#.######### #♣8♣#
##.####...@@...........####
####
#.......#.#.#.######.....)
.##### #####.........#
#...... .....# #.........#
#...... ####.# #.........#
#......
..##.#######.........#
#......
...PP....P.###..####.#
#...... ...P.≈≈.........#
#... .......
.P..≈≈≈≈P.......## #..##
########


You could see Terence.

Vanquished Creatures
  2 gnolls (D:3)
  7 goblins
  3 hobgoblins
  2 ball pythons (D:2)
  5 bats
  3 frilled lizards (D:1)
  5 kobolds
  4 rats
31 creatures vanquished.

Notes
Turn   | Place    | Note
-------+----------+-------------------------------------------
     0 | D:1      | Lauz the Barachi Ice Elementalist began the quest for the
                  | Orb.
     0 | D:1      | Reached XP level 1. HP: 13/13 MP: 3/3
   369 | D:1      | Reached skill level 4 in Ice Magic
   395 | D:1      | Reached XP level 2. HP: 18/19 MP: 1/5
   912 | D:2      | Learned a level 2 spell: Throw Frost
  1208 | D:2      | Reached XP level 3. HP: 24/24 MP: 4/7
  1850 | D:3      | Found a runed translucent door.
  1855 | D:3      | Noticed Frank's ghost (amateur OpFi)
  1920 | D:3      | Noticed Terence
  1954 | D:3      | Slain by Terence

Skill      XL: |  1  2  3 |
---------------+----------+-----
Ice Magic      | 4 |  4.7
Spellcasting   | 3 |  3.0
Dodging        | |  2.6
Stealth        | |  1.7
Conjurations   | |  1.1

Action                   || total
-------------------------++-------
Melee: Unarmed           ||     8
       Dagger            ||    16
 Cast: Freeze            ||    43
       Throw Frost       ||    13
  Eat: Chunk             ||     3
       Ration            ||     1
Armor: Robe              ||     3
Dodge: Dodged            ||    46
